Map: Catalyst LE

Players

Erebus - Winner!

  • Race: Zerg Zerg
  • League: Platinum
  • Spawn Location: 11:00

scotskies

  • Race: Terran Terran
  • League: Gold
  • Spawn Location: 5:00

VOD

Have the link to the VOD?

Description

Time

  • Played on: Nov. 21, 2017, 8:38 p.m.
  • Length: 12:55
Show
View Real Time Build Order
Export as new Build Order

Erebus Zerg - Winner!

Build Orders: Hatch First 

Get SALT Encoding   

  12  0:01  Drone  
  13  0:13  Overlord  
  13  0:17  Drone  
  14  0:32  Drone x2  
  16  0:36  Drone  
  17  0:54  Hatchery  
  16  0:57  Drone  
  16  1:02  Drone  
  18  1:11  Extractor  
  17  1:18  Spawning Pool  
  17  1:20  Drone  
  17  1:24  Drone  
  18  1:29  Drone  
  19  1:44  Overlord  
  19  2:05  Zergling x4  
  19  2:07  Queen x2  
  25  2:10  Zergling x2  
  26  2:16  Metabolic Boost  
  26  2:20  Drone x2  
  29  2:22  Drone  
  29  2:34  Drone  
  29  2:35  Drone  
  31  2:43  Drone  
  32  2:55  Overlord  
  31  3:14  Queen x2  
  31  3:19  Drone  
  35  3:20  Hatchery  
  34  3:32  Drone  
  34  3:33  Overlord  
  35  3:34  Overlord  
  35  4:01  Drone x13  
  48  4:09  Drone  
  49  4:13  Lair  
  49  4:20  Overlord  
  49  4:22  Overlord  
  49  4:26  Extractor  
  49  4:28  Extractor  
  49  4:31  Evolution Chamber  
  46  4:34  Evolution Chamber  
  46  4:37  Drone x3, Baneling Nest  
  47  4:39  Drone  
  47  4:40  Drone  
  47  4:41  Drone  
  50  4:56  Zergling x8  
  50  4:57  Zergling x10  
  59  5:08  Drone x5  
  64  5:15  Zerg Melee Weapons Level 1, Zerg Missile Weapons Level 1  
  64  5:21  Drone  
  64  5:22  Hydralisk Den  
  64  5:23  Extractor  
  64  5:27  Centrifical Hooks  
  63  5:31  Zergling x8  
  60  6:06  Hydralisk x7  
  74  6:14  Overlord  
  74  6:15  Overlord  
  74  6:16  Overlord  
  74  6:32  Drone x4  
  78  6:33  Drone x3  
  78  6:34  Spore Crawler  
  80  6:48  Extractor  
  80  6:49  Extractor  
  78  6:58  Hydralisk x5  
  78  7:00  Drone x2  
  90  7:06  Baneling x7  
  90  7:18  Queen  
  90  7:21  Spore Crawler, Drone  
  90  7:22  Drone  
  93  7:32  Drone x5  
  93  7:34  Spore Crawler  
  97  7:49  Drone  
  98  7:52  Pneumatized Carapace  
  98  7:58  Muscular Augments  
  98  8:01  Overlord  
  98  8:02  Overlord  
  98  8:03  Overlord  
  98  8:04  Overlord x2  
  97  8:15  Zergling x8  
  97  8:18  Baneling x2  
  97  8:19  Baneling x11  
  98  8:25  Zerg Missile Weapons Level 2, Zerg Melee Weapons Level 2  
  99  8:27  Zergling x6  
  101  8:36  Drone x2  
  101  8:37  Drone x3  
  82  8:55  Zergling x2  
  82  8:56  Zergling x26  
  94  9:07  Hydralisk x4  
  99  9:23  Overlord x6  
  99  9:33  Zergling x8  
  99  9:37  Overseer  
  103  9:41  Baneling  
  103  9:42  Baneling x15  
  103  9:53  Zergling x14  
  103  9:56  Zergling x4  
  112  10:12  Hydralisk x2  
  116  10:30  Hatchery  
  116  10:33  Extractor  
  114  10:38  Hydralisk x9  
  132  10:49  Drone  
  133  10:51  Infestation Pit  
  132  10:59  Hydralisk x3, Zergling x4  
  132  11:00  Zergling x6  
  143  11:40  Hydralisk x5, Zergling x4  
  143  11:41  Hydralisk x3, Zergling x10  
  143  11:42  Zergling x2  
  143  11:44  Overlord  
  167  12:19  Hydralisk x3, Zergling x6  
  167  12:20  Overlord  
  167  12:21  Overlord x5  
  176  12:28  Baneling  
  176  12:29  Baneling x7  
Show
View Real Time Build Order
Export as new Build Order

scotskies Terran 

Build Orders:  

Get SALT Encoding   

  12  0:01  SCV  
  13  0:13  SCV  
  14  0:19  Supply Depot  
  14  0:26  Refinery  
  14  0:29  SCV  
  15  0:43  Barracks  
  15  0:47  SCV  
  16  0:59  SCV  
  17  1:11  SCV  
  18  1:23  SCV  
  19  1:32  Barracks Reactor  
  19  1:36  Orbital Command  
  19  1:54  Command Center  
  19  2:08  SCV  
  20  2:18  Factory  
  20  2:22  Marine x2, Supply Depot  
  22  2:32  Supply Depot, SCV  
  23  2:53  Marine x2  
  25  3:00  SCV  
  26  3:09  Refinery  
  26  3:11  Orbital Command  
  22  3:31  Marine x2  
  22  3:32  Cyclone  
  27  3:39  Starport  
  26  3:45  SCV  
  25  3:57  SCV x2  
  25  3:58  Marine x2  
  25  4:00  Liberator  
  29  4:09  SCV  
  30  4:15  Factory Tech Lab  
  30  4:24  SCV  
  34  4:29  Bunker  
  34  4:36  SCV  
  34  4:37  SCV  
  36  4:41  Siege Tank  
  39  4:48  SCV  
  39  4:49  SCV  
  41  4:53  Marine  
  41  4:55  Marine  
  41  4:58  Supply Depot  
  43  5:08  Starport Reactor  
  43  5:11  Marine  
  43  5:13  Marine  
  45  5:18  Barracks  
  45  5:19  Barracks  
  45  5:21  Supply Depot, SCV x2  
  47  5:25  Siege Tank  
  50  5:31  Refinery  
  50  5:37  Marine x2  
  50  5:41  SCV x2  
  54  5:55  Marine x2  
  59  5:57  Siege Tank  
  56  6:13  Marine x2  
  56  6:15  Supply Depot  
  58  6:18  Barracks Tech Lab  
  58  6:19  Barracks Tech Lab  
  58  6:29  Siege Tank  
  58  6:30  Engineering Bay  
  58  6:31  Marine x2, Engineering Bay  
  58  6:32  Medivac x2  
  67  6:37  Supply Depot  
  67  6:39  Supply Depot  
  67  6:41  SCV x2  
  69  6:48  Refinery  
  69  6:50  Marine x2  
  71  6:55  Marine x2  
  71  7:01  Siege Tank  
  76  7:02  Supply Depot  
  76  7:03  Medivac  
  76  7:08  Marine x2  
  79  7:13  SCV  
  79  7:14  SCV  
  82  7:18  Marine x2  
  82  7:21  Medivac  
  86  7:25  SCV  
  86  7:26  Marine, SCV  
  89  7:31  Supply Depot  
  89  7:32  Stimpack, Combat Shields  
  89  7:38  Marine x3, SCV  
  89  7:41  Terran Infantry Weapons Level 1  
  89  7:43  Marine  
  94  7:52  Terran Infantry Armor Level 1  
  94  7:56  Marine x2  
  96  8:27  Supply Depot  
  96  8:30  Marine x3, SCV x2  
  96  8:31  Marine  
  105  8:34  Siege Tank  
  105  8:36  Medivac x2  
  109  8:42  SCV  
  109  8:48  Marine x2  
  81  9:01  Marine x2  
  73  9:06  Marine x2, Medivac x2, Siege Tank  
  82  9:19  Marine  
  83  9:26  Marine x3  
  86  9:36  Marine, Viking x2  
  91  9:44  Marine x3  
  94  9:54  Marine  
  94  9:56  Siege Tank  
  98  10:02  Marine x3  
  98  10:06  Viking x2  
  105  10:12  Marine  
  106  10:20  Marine x2  
  108  10:29  Siege Tank  
  108  10:32  Marine x2  
  113  10:36  Viking x2  
  113  10:37  Marine  
  113  10:42  Supply Depot  
  118  10:44  Supply Depot x2  
  118  10:54  Armory  
  118  11:03  Marine x3  
  118  11:04  SCV x2  
  123  11:05  Marine  
  123  11:07  Supply Depot  
  123  11:09  Supply Depot  
  124  11:21  Marine x3  
  124  11:22  Siege Tank  
  124  11:23  Marine  
  124  11:24  Medivac x2  
  135  11:39  Marine  
  136  11:41  Barracks  
  136  11:43  Marine x2  
  136  11:44  Marine  
  139  12:01  Marine  
  139  12:03  Marine  
  139  12:07  Marine x2  
  143  12:30  Barracks  
Tags
 
Matchup
TvZ
Spawn Locations
Cross Positions
Add a new tag
Caveats
  • Supply blocks, unpowered buildings, or Contaminate may cause inaccurate times.
  • Supply counts are checked every 10 seconds.